 Dungeon Crawl Stone Soup version 0.27-a0-1296-g8ece459b43 (webtiles) character file.

Game seed: 1184077171635832506

94 27snakeeyes612 the Shield-Bearer (level 4, -1/29 HPs)
             Began as a Gargoyle Fighter on June 16, 2021.
             Slain by a worm (8 damage)
             ... on level 3 of the Dungeon.
             The game lasted 00:01:44 (2180 turns).

27snakeeyes612 the Shield-Bearer (Gargoyle Fighter) Turns: 2180, Time: 00:01:44

Health: -1/29      AC: 11    Str: 20    XL:     4   Next: 63%
Magic:  4/4        EV:  7    Int:  9    God:
Gold:   55         SH:  9    Dex:  9    Spells: 3/3 levels left

rFire    . . .     SeeInvis .   a - +0 flail
rCold    . . .     Faith    .   c - +0 kite shield
rNeg     + . .     Spirit   .   b - +0 scale mail
rPois    ∞         Reflect  .   (no helmet)
rElec    +         Harm     .   h - +0 cloak
rCorr    .         Rampage  .   (no gloves)
Will     .....                  (no boots)
Stlth    ..........             (no amulet)
HPRegen  0.09/turn              (no ring)
MPRegen  0.09/turn              (no ring)

@: no status effects
A: sickness immunity, AC +3, negative energy resistance 1, electricity
resistance, torment resistance 1, petrification resistance
a: no special abilities


You were on level 3 of the Dungeon.
You visited 1 branch of the dungeon, and saw 3 of its levels.

You collected 55 gold pieces.

Inventory:

Hand Weapons
 a - a +0 flail (weapon)
Missiles
 k - a throwing net (quivered)
Armour
 b - a +0 scale mail (worn)
 c - a +0 kite shield (worn)
 h - a +0 cloak (worn)
Scrolls
 e - a scroll of teleportation {unknown}
 g - a scroll of holy word {unknown}
 i - a scroll of identify {unknown}
 j - a scroll of amnesia {unknown}
 l - a scroll of enchant armour {unknown}
 m - 2 scrolls of enchant weapon {unknown}
Potions
 d - a potion of heal wounds {unknown}
 f - 2 potions of cancellation {unknown}


   Skills:
 + Level 3.7 Fighting
 + Level 2.5 Maces & Flails
 + Level 4.1 Armour
 + Level 0.5 Dodging
 + Level 4.2 Shields


You had 3 spell levels left.
You didn't know any spells.
Your spell library was empty.

Dungeon Overview and Level Annotations

Branches:
Dungeon (3/15)

Altars:
Qazlal


Innate Abilities, Weirdness & Mutations

You are immune to sickness and miasma.
Your stone body is resilient. (AC +3)
You are immune to poison.
You resist negative energy. (rN+)
You are resistant to electric shocks. (rElec)
You are resistant to unholy torment.
You are immune to petrification.


Message History

The orc hits you but does no damage. x2
You hit the orc.
You kill the orc!
You barely miss the orc. You block the orc's attack. x2
You closely miss the orc. You block the orc's attack.
You hit the orc but do no damage. The orc barely misses you.
The orc hits you but does no damage.
You hit the orc.
The orc is moderately wounded.
You block the orc's attack.
You hit the orc.
You kill the orc!
You closely miss the orc. You block the orc's attack.
The orc hits you but does no damage.
You closely miss the orc. The orc hits you but does no damage.
You closely miss the orc. The orc barely misses you.
The orc hits you but does no damage.
You closely miss the orc. You block the orc's attack.
You sock the orc!
You kill the orc!
The orc hits you with a +0 dagger.
You sock the orc!
You kill the orc!
You hit the worm but do no damage. The worm bites you but does no damage.
You hit the worm.
The worm is moderately wounded.
You block the worm's attack.
You sock the worm!
The worm is heavily wounded.
You hit the worm.
The worm is severely wounded.
You block the worm's attack.
You barely miss the worm.
The worm is heavily wounded.
The worm bites you.
* * * LOW HITPOINT WARNING * * *
You hit the worm.
The worm is severely wounded.
The worm bites you!
You die...

##.......## #...
##.....## #...
##...## #..##
##'## #... #.#
#w.###.### #.#
#.oo......
#####.####
##>#######
#........######.#
#.#..†......@w..#
##...#.########
......##.#
#.##..##.# #
#..##.# ......#
########


You could see a worm.

Vanquished Creatures
  Robin (D:2)
  An adder (D:2)
  A worm (D:2)
  A dart slug (D:1)
  5 orcs (D:3)
  3 endoplasms
  4 giant cockroaches
  10 goblins
  7 hobgoblins
  7 jackals
  3 ball pythons (D:1)
  7 bats
  2 frilled lizards
  2 kobolds
  3 rats
57 creatures vanquished.

Notes
Turn   | Place    | Note
-------+----------+-------------------------------------------
     0 | D:1      | 27snakeeyes612 the Gargoyle Fighter began the quest for the
                  | Orb.
     0 | D:1      | Reached XP level 1. HP: 14/14 MP: 1/1
   265 | D:1      | Reached XP level 2. HP: 19/19 MP: 2/2
   800 | D:1      | Reached XP level 3. HP: 23/23 MP: 3/3
  1407 | D:2      | Reached XP level 4. HP: 28/28 MP: 4/4
  1413 | D:2      | Noticed Robin
  1426 | D:2      | Killed Robin
  1668 | D:2      | Found a stormy altar of Qazlal.
  2056 | D:2      | Found a faded altar of an unknown god.
  2180 | D:3      | Slain by a worm

Illustrated notes

Levels and vault maps discovered:
D:1:      sevenhm_arrival_forest_fort_large_2, layout_loops_cross,
          chequers_serial_rivers_micro_c
D:2:      layout_loops_cross, chequers_ecumenical_altar_lobes, basic_altar,
          uniq_robin
D:3:      layout_loops_corners, uniq_sigmund

Skill      XL: |  1  2  3 |
---------------+----------+-----
Armour         | 4 |  4.1
Shields        | 4 |  4.2
Fighting       | |  3.7
Maces & Flails | |  2.5
Dodging        | |  0.5

Action                   |  1- 3 |  4- 6 || total
-------------------------+-------+-------++-------
Melee: Flail             |   123 |    73 ||   196
  Use: Potion            |       |     1 ||     1
Armor: Scale mail        |    91 |    59 ||   150
Dodge: Dodged            |    61 |    30 ||    91
Block: Kite shield       |    93 |    58 ||   151

Table legend: (Time is in decaauts)
 A = Elapsed time spent in this place.
 B = Non-inter-level travel time spent in this place.
 C = Inter-level travel time spent in this place.
 D = Time resting spent in this place.
 E = Time spent auto-exploring this place.
 F = Levels seen in this place.
 G = Mean time per level.
                   A        B        C        D        E       F      G
               +--------+--------+--------+--------+--------+-----+--------+
         Total |   2278 |   2190 |     88 |      0 |   1762 |   3 |  759.3 |
       Dungeon |   2278 |   2190 |     88 |      0 |   1762 |   3 |  759.3 |
               +--------+--------+--------+--------+--------+-----+--------+

Top non-repeatable levels by time:
     D:2: 1192 daAuts
     D:1: 992 daAuts
     D:3: 93 daAuts
